 Dungeon Crawl Stone Soup version 0.30-a0-462-gd5975ef (webtiles) character file.

Game seed: 1974701265323363587

9830 Illumine the Nimble (level 11, -13/56 HPs)
             Began as a Spriggan Enchanter on Dec 15, 2022.
             Was a Believer of Sif Muna.
             Mangled by a slime creature (17 damage)
             ... on level 10 of the Dungeon.
             The game lasted 00:23:17 (9861 turns).

Illumine the Nimble (Spriggan Enchanter)            Turns: 9861, Time: 00:23:18

Health: -13/56     AC:  2    Str:  4    XL:     11   Next: 28%
Magic:  26/26      EV: 23    Int: 21    God:    Sif Muna [**....]
Gold:   476        SH:  0    Dex: 16    Spells: 19/30 levels left

rFire   + . .      SeeInvis +    b - +5 rapier of Makhleb's Delight {flame, rElec}
rCold   . . .      Faith    .    (no shield)
rNeg    . . .      Spirit   .    s - +0 robe
rPois   .          Reflect  .    (helmet restricted)
rElec   +          Harm     .    I - scarf {shadows}
rCorr   .          Rampage  .    (gloves unavailable)
Will    +....                    (boots unavailable)
Stlth   ++++......               i - amulet of magic regeneration
HPRegen 0.29/turn                k - ring of protection from fire
MPRegen 0.60/turn                (no ring)

@: very quick
A: very small, no large weapons, unfitting armour, see invisible, speed 3
a: Renounce Religion, Channel Magic


You were on level 10 of the Dungeon.
You worshipped Sif Muna.
Sif Muna was pleased with you.
You visited 2 branches of the dungeon, and saw 11 of its levels.
You also visited: Sewer.

You collected 476 gold pieces.

Inventory:

Hand Weapons
 a - a +0 dagger of venom
 b - the +5 rapier of Makhleb's Delight (weapon) {flame, rElec}
   (You found it on level 2 of the Dungeon)

   It burns those it strikes, dealing additional fire damage.
   rElec:     It insulates you from electricity.
 l - a +1 dagger of speed
Armour
 s - a +0 robe (worn)
 I - a scarf of shadows (worn)
 O - a scarf of repulsion
Jewellery
 i - an amulet of magic regeneration (around neck)
 k - a ring of protection from fire (left hand)
 z - a ring of fire
 E - a ring of ice
 K - a +6 ring of strength
Wands
 m - a wand of charming (16)
 p - a wand of flame (4)
 w - a wand of roots (26)
 A - a wand of digging (13)
Scrolls
 d - 9 scrolls of teleportation
 f - 4 scrolls of poison
 g - a scroll of immolation {unknown}
 x - 2 scrolls of butterflies
 y - 3 scrolls of vulnerability
 B - 3 scrolls of blinking {unknown}
 C - a scroll of enchant weapon
 D - a scroll of torment {unknown}
 G - 3 scrolls of silence {unknown}
 H - a scroll of magic mapping {unknown}
 J - a scroll of acquirement {unknown}
 L - 3 scrolls of identify
 M - a scroll of enchant armour {unknown}
 N - a scroll of noise {unknown}
Potions
 c - 2 potions of invisibility
 e - a potion of haste
 h - 3 potions of curing {unknown}
 j - 2 potions of mutation {unknown}
 n - 7 potions of heal wounds
 o - 3 potions of ambrosia
 q - 3 potions of might {unknown}
 r - 2 potions of lignification
 t - 2 potions of flight
 u - a potion of brilliance {unknown}
 v - 2 potions of berserk rage {unknown}
 F - 2 potions of attraction {unknown}


   Skills:
 + Level 6.2 Fighting
 + Level 7.5 Short Blades
 + Level 10.2 Dodging
 - Level 10.0 Stealth
 + Level 10.2 Spellcasting
 - Level 8.0 Hexes
 - Level 2.0 Summonings
 - Level 2.0 Ice Magic
 + Level 2.2 Invocations


You had 19 spell levels left.
You knew the following spells:

 Your Spells              Type           Power      Damage    Failure   Level
a - Ensorcelled Hibernat  Hex/Ice        62%        N/A       1%          2
b - Confusing Touch       Hex            44%        N/A       1%          3
c - Tukima's Dance        Hex            44%        N/A       1%          3
d - Summon Guardian Gole  Hex/Summ       31%        N/A       2%          3

Your spell library contained the following spells:

 Spells                   Type           Power      Damage    Failure   Level
 Summon Small Mammal      Summ           76%        N/A       2%          1
 Dazzling Flash           Conj/Hex       54%        N/A       3%          3
 Call Canine Familiar     Summ           19%        N/A       9%          3
 Blade Hands              Tmut           5%         N/A       87%         5
 Irradiate                Conj/Tmut      5%         3d13      87%         5
 Dragon Form              Tmut           5%         N/A       100%        7


Dungeon Overview and Level Annotations

Branches:
Dungeon (10/15)            Temple (1/1) D:6            Lair (0/5) D:9
  Sewer (visited)
    Orc: D:9-12

Altars:
Ashenzari
Cheibriados
Dithmenos
Elyvilon
Fedhas
Gozag
Hepliaklqana
Kikubaaqudgha
Makhleb
Nemelex Xobeh
Okawaru
Qazlal
Ru
Sif Muna
Trog
Uskayaw
Vehumet
Wu Jian
Xom
Yredelemnul
Zin
The Shining One


Innate Abilities, Weirdness & Mutations

You are very small and have problems with some larger weapons.
You are too small for most types of armour.
You have supernaturally acute eyesight. (SInv)
You cover ground extremely quickly. (Speed+++)


Message History

Sif Muna accepts your kill.
Your magical contamination has completely faded away.
Casting: Ensorcelled Hibernation (safe; 1% risk of failure)
Confirm with . or Enter, or press ? or * to list all spells.
Aiming: Ensorcelled Hibernation (safe; 1% risk of failure)
Press: ? - help, Shift-Dir - straight line, f - very large slime creature
Aim: a very large slime creature (chance to affect: 43%)
The very large slime creature looks drowsy...
A very large slime creature splits.
The helpless slime creature fails to defend itself.
You stick the slime creature like a pincushion!!!
You kill the slime creature!
Sif Muna accepts your kill.
The helpless large slime creature fails to defend itself.
You spit the large slime creature like a pig!!!!
You punch the large slime creature, but do no damage.
The large slime creature is severely wounded.
You hit the large slime creature.
The large slime creature is severely wounded.
A large slime creature splits.
You barely miss the slime creature.
The slime creature is severely wounded.
The slime creature misses you.
Your +0 dagger of venom stops dripping with poison.
The +5 rapier of Makhleb's Delight {flame, rElec} bursts into flame!
b - the +5 rapier of Makhleb's Delight (weapon)
{flame, rElec} The slime creature hits you!!
You hit the slime creature. You burn the slime creature.
The slime creature is severely wounded.
The slime creature hits you!
You hit the slime creature. You burn the slime creature.
The slime creature is almost dead.
The slime creature barely misses you. x2
You hit the slime creature. You burn the slime creature.
The slime creature is almost dead.
The slime creature hits you!
* * * LOW HITPOINT WARNING * * *
The slime creature closely misses you. The slime creature hits you!
You die...

#.# ###.##### #.# ######.###
#.......###### #.# #........#
#............## ##.#
#........####.......####..###..##
#........##.........# ##........
#...........#.......# #####.##.
#........####.......# #.###
#........# #.......# #.#
.........# #...@...# #.#
........# #....J..# #.# ......^#
#...J...# #.# #.###### ####.####
#...# ###.## #..# ######†####
##+### #..JJ.....# ......


You could see 2 slime creatures.

Vanquished Creatures
  3 two-headed ogres
  Urug (D:10)
  Maurice (D:10)
  A slime creature (D:10)
  A wraith (D:10)
  10 yaks
  2 steam dragons
  An acid dragon (D:10)
  Menkaure (D:7)
  3 water moccasins
  4 orc warriors
  An ice beast (D:7)
  3 sky beasts
  Pargi (Sewer)
  A black bear (D:6)
  4 ogres
  4 centaurs
  A phantom (D:6)
  3 kobold brigands
  4 bullfrogs
  2 scorpions
  4 wights (D:9)
  4 killer bees (D:9)
  2 electric eels
  2 vampire bats (D:8)
  A howler monkey (D:9)
  2 hounds (D:5)
  3 jellies
  2 gnoll boudas
  3 orc priests
  Jessica (D:2)
  Ijyb (D:3)
  Terence (D:2)
  4 iguanas
  16 orc wizards
  11 gnolls
  5 adders
  2 shadow imps
  A white imp (D:6)
  2 ufetubi
  4 worms
  A dart slug (D:1)
  36 orcs
  28 bats
  13 endoplasms
  6 giant cockroaches
  6 hobgoblins
  8 jackals (D:3)
  4 quokkas
  7 ball pythons
  4 frilled lizards
  6 goblins
  23 kobolds
  7 rats
272 creatures vanquished.

Vanquished Creatures (collateral kills)
  A two-headed ogre (D:9)
  2 gnolls (D:8)
  An orc (D:9)
4 creatures vanquished.

Vanquished Creatures (others)
  4 dancing weapons
  3 orcs (D:7)
  5 fungi
12 creatures vanquished.

Grand Total: 288 creatures vanquished

Notes
Turn   | Place    | Note
-------+----------+-------------------------------------------
     0 | D:1      | Illumine the Spriggan Enchanter began the quest for the
                  | Orb.
     0 | D:1      | Reached XP level 1. HP: 9/9 MP: 5/5
   155 | D:1      | Reached XP level 2. HP: 12/13 MP: 6/6
   156 | D:1      | Reached skill level 5 in Stealth
   363 | D:1      | Learned a level 2 spell: Ensorcelled Hibernation
   618 | D:1      | Reached XP level 3. HP: 16/16 MP: 8/8
   866 | D:2      | Noticed Jessica
   883 | D:2      | Killed Jessica
   971 | D:2      | Noticed Terence
   976 | D:2      | Killed Terence
   977 | D:2      | Reached XP level 4. HP: 21/21 MP: 7/9
  1259 | D:2      | Learned a level 3 spell: Confusing Touch
  1263 | D:2      | Learned a level 3 spell: Tukima's Dance
  1374 | D:2      | Reached XP level 5. HP: 18/24 MP: 5/10
  1439 | D:2      | Identified the +5 rapier of Makhleb's Delight {flame,
                  | rElec}
  1740 | D:3      | Found a shadowy altar of Dithmenos.
  1932 | D:3      | Found a faded altar of an unknown god.
  2385 | D:3      | Noticed Ijyb
  2387 | D:3      | Killed Ijyb
  2573 | D:4      | Reached XP level 6. HP: 28/28 MP: 11/11
  2603 | D:4      | Found a glowing drain.
  2627 | Sewer    | Entered a sewer
  2682 | Sewer    | Noticed Pargi
  2692 | Sewer    | Killed Pargi
  3281 | D:5      | Entered Level 5 of the Dungeon
  3320 | D:5      | Identified the +5 falchion of Vybov {vorpal, Int+2 Dex+4
                  | SInv}
  3343 | D:5      | Reached XP level 7. HP: 32/32 MP: 14/14
  3373 | D:5      | Reached skill level 5 in Hexes
  3630 | D:5      | Learned a level 3 spell: Summon Guardian Golem
  3774 | D:5      | Reached skill level 5 in Short Blades
  4145 | D:5      | Found a sparkling altar of Nemelex Xobeh.
  4292 | D:6      | Reached skill level 1 in Fighting
  4292 | D:6      | Reached skill level 5 in Spellcasting
  4292 | D:6      | Reached XP level 8. HP: 37/37 MP: 16/16
  4348 | D:6      | Reached skill level 1 in Summonings
  4437 | D:6      | Reached skill level 10 in Stealth
  5085 | D:6      | Reached skill level 5 in Dodging
  5175 | D:6      | Found a staircase to the Ecumenical Temple.
  5184 | Temple   | Entered the Ecumenical Temple
  5755 | D:7      | Reached skill level 1 in Ice Magic
  5792 | D:7      | Reached XP level 9. HP: 43/43 MP: 17/19
  6111 | D:7      | Noticed Menkaure
  6119 | D:7      | Killed Menkaure
  6150 | D:7      | Identified the +3 leather armour of a volcano {rPois rN++
                  | Regen+ Int-4}
  6454 | D:8      | Found a white marble altar of Elyvilon.
  6765 | D:8      | Found a snail-covered altar of Cheibriados.
  6766 | D:8      | Found a shimmering blue altar of Sif Muna.
  6770 | D:8      | Became a worshipper of Sif Muna the Loreminder
  7225 | D:8      | Reached * piety under Sif Muna
  7323 | D:8      | Found a sacrificial altar of Ru.
  8041 | D:9      | Found a staircase to the Lair.
  8111 | D:9      | Reached XP level 10. HP: 35/51 MP: 23/23
  8374 | D:9      | Noticed a two-headed ogre
  8413 | D:9      | Killed a two-headed ogre
  8414 | D:9      | Reached skill level 5 in Fighting
  8695 | D:9      | Reached ** piety under Sif Muna
  9089 | D:9      | Found a bloodstained altar of Trog.
  9097 | D:9      | Noticed a two-headed ogre
  9108 | D:9      | Killed a two-headed ogre
  9349 | D:9      | Found an iron altar of Okawaru.
  9378 | D:9      | Noticed a two-headed ogre
  9387 | D:9      | Killed a two-headed ogre
  9420 | D:10     | Entered Level 10 of the Dungeon
  9475 | D:10     | Found an opulent altar of Gozag.
  9482 | D:10     | Found a glowing golden altar of the Shining One.
  9543 | D:10     | Noticed a two-headed ogre
  9549 | D:10     | Killed a two-headed ogre
  9550 | D:10     | Reached XP level 11. HP: 56/56 MP: 25/25
  9593 | D:10     | Noticed Maurice
  9594 | D:10     | Noticed Urug
  9597 | D:10     | Killed Urug
  9598 | D:10     | Reached skill level 10 in Dodging
  9598 | D:10     | Reached skill level 1 in Invocations
  9600 | D:10     | Killed Maurice
  9601 | D:10     | Reached skill level 10 in Spellcasting
  9861 | D:10     | Mangled by a slime creature

Illustrated notes

Levels and vault maps discovered:
D:1:      lemuel_arrival_muddy, layout_rooms, minmay_misc_feat_enclosed
D:2:      layout_loops_ring, uniq_terence, uniq_jessica
D:3:      layout_loops_cross, lemuel_tele_altar, basic_ecumenical_altar,
          uniq_ijyb
D:4:      layout_loops_cross, gup_sewer_entry_glass
D:5:      layout_loops_ring, nemelex_dance_club_becter, hex_large,
          kennysheep_generic_room_10
D:6:      layout_basic, minmay_temple_entry_poolview, kennysheep_pointless_box
D:7:      layout_loops_cross, minmay_misc_feat_pillars, uniq_menkaure
D:8:      layout_layer_cave, elyvilon_altar_4, general_overflow_altar,
          nicolae_overflow_squiral, roderic_batcave
D:9:      hellmonk_ruined_rings, layout_irregular_city,
          mainiacjoe_overflow_brackets, marbit_many_paths, lair_entry_dummy,
          nicolae_concentric_dashed_squares_wild, chequers_serial_rivers_micro_b
D:10:     layout_roguey, mainiacjoe_overflow_catch_the_wave, st_stairs_1,
          uniq_urug, uniq_maurice
Temple:   nicolae_temple_no_exploring_needed

Skill      XL: |  1  2  3  4  5  6  7  8  9 10 11 |
---------------+----------------------------------+-----
Stealth        | 5 7 8 9 10 | 10.0
Short Blades   | 2 3 4 5 7 |  7.5
Spellcasting   | 3 4 5 6 8 9 10 | 10.2
Hexes          | 4 5 6 8 |  8.0
Dodging        | 3 5 7 9 10 | 10.2
Fighting       | 1 2 4 5 6 |  6.2
Summonings     | 2 |  2.0
Ice Magic      | 1 2 |  2.0
Invocations    | 2 |  2.2

Action                   |  1- 3 |  4- 6 |  7- 9 | 10-12 || total
-------------------------+-------+-------+-------+-------++-------
Melee: Dagger            |    95 |   102 |   198 |    96 ||   491
       Punch             |     1 |       |     5 |     1 ||     7
       Rapier            |       |    17 |    26 |    14 ||    57
 Cast: Ensorcelled Hiber |     8 |    41 |    92 |    59 ||   200
       Tukima's Dance    |       |     1 |     9 |     6 ||    16
       Confusing Touch   |       |       |     7 |     4 ||    11
       Summon Guardian G |       |       |     1 |       ||     1
  Use: Scroll            |       |     7 |     4 |       ||    11
 Stab: Sleeping          |    16 |    49 |    74 |    41 ||   180
       Distracted        |     1 |     3 |       |       ||     4
       Confused          |       |       |     7 |     5 ||    12
Armor: Robe              |    13 |    14 |    21 |     4 ||    52
Dodge: Dodged            |    55 |    64 |   199 |    89 ||   407

Table legend: (Time is in decaauts)
 A = Elapsed time spent in this place.
 B = Non-inter-level travel time spent in this place.
 C = Inter-level travel time spent in this place.
 D = Time resting spent in this place.
 E = Time spent auto-exploring this place.
 F = Levels seen in this place.
 G = Mean time per level.
                   A        B        C        D        E       F      G
               +--------+--------+--------+--------+--------+-----+--------+
         Total |   6789 |   6628 |    161 |    800 |   3965 |  12 |  565.8 |
       Dungeon |   6708 |   6547 |    161 |    800 |   3944 |  10 |  670.8 |
        Temple |      1 |      1 |      0 |      0 |      0 |   1 |    1.0 |
         Sewer |     79 |     79 |      0 |      0 |     21 |   1 |   79.0 |
               +--------+--------+--------+--------+--------+-----+--------+

Top non-repeatable levels by time:
     D:8: 1152 daAuts
     D:9: 956 daAuts
     D:6: 924 daAuts
     D:5: 696 daAuts
     D:1: 619 daAuts
     D:2: 567 daAuts
     D:3: 530 daAuts
     D:7: 519 daAuts
     D:4: 423 daAuts
    D:10: 318 daAuts
   Sewer: 79 daAuts
  Temple: 1 daAuts
